 Dungeon Sprint DCSS version 0.23.1 (webtiles) character file.

Game seed: 5700776736255051408

482548 wilfster70 the Conqueror (level 19, 207/207 HPs)
             Began as a Minotaur Monk on Mar 7, 2019.
             Was the Champion of Cheibriados.
             Escaped with the Orb!
             The game lasted 00:52:27 (4935 turns).

wilfster70 the Conqueror (Minotaur Monk)            Turns: 4935, Time: 00:52:28

Health: 207/207    AC: 46    Str: 40    XL:     19   Next: 7%
Magic:  49/49      EV: 22    Int: 28    God:    Cheibriados [******]
Gold:   0          SH: 40    Dex: 29    Spells: 57/72 levels left

rFire    + + .     SeeInvis +   a - +16 lance "Wyrmbane" {slay drac, rPois rF+ rC+ AC+3}
rCold    + + +     Gourm    .   b - +18 shield of the Gong {rElec rN+ MR+ EV-5}
rNeg     + . .     Faith    .   B - +9 gold dragon scales
rPois    +         Spirit   .   O - +2 hat
rElec    +         Reflect  +   S - +1 cloak of Starlight {rElec rC+ EV+4 Stlth--}
rCorr    .         Harm     .   C - +3 pair of gauntlets of War {Slay+5}
MR       +++..     NoTele   +   J - +2 pair of boots of the Assassin {Detection Stab+ Stlth++}
Stlth    ..........             D - +5 amulet of reflection
HPRegen  0.44/turn              I - ring "Qaivegui" {Wiz rPois}
MPRegen  0.31/turn              H - ring "Sacraxtu" {-Tele MR+ Str+8 SInv}

@: studying Invocations, very slow
A: retaliatory headbutt, horns 2
0: Orb of Zot
a: Bend Time, Temporal Distortion, Slouch, Step From Time, Renounce Religion


You escaped.
You worshipped Cheibriados.
Cheibriados was exalted by your worship.
You were hungry.

You visited 1 branch

Inventory:

Hand Weapons
 a - the +16 lance "Wyrmbane" (weapon) {slay drac, rPois rF+ rC+ AC+3}
   (You found it in the Dungeon)

   It affects your AC (+3).
   It protects you from fire.
   It protects you from cold.
   It protects you from poison.
Armour
 b - the +18 shield of the Gong (worn) {rElec rN+ MR+ EV-5}
   (You found it in the Dungeon)

   It affects your evasion (-5).
   It insulates you from electricity.
   It protects you from negative energy.
   It affects your resistance to hostile enchantments.
 B - +9 gold dragon scales (worn)
 C - the +3 pair of gauntlets of War (worn) {Slay+5}
   (You found it in the Dungeon)

   It affects your accuracy and damage with ranged weapons and melee attacks
   (+5).
 J - the +2 pair of boots of the Assassin (worn) {Detection Stab+ Stlth++}
   (You found it in the Dungeon)

   It makes you much more stealthy.
 O - a +2 hat (worn)
 S - the +1 cloak of Starlight (worn) {rElec rC+ EV+4 Stlth--}
   (You found it in the Dungeon)

   It affects your evasion (+4).
   It protects you from cold.
   It insulates you from electricity.
   It makes you much less stealthy.
Jewellery
 z - the amulet of the Ancients {RegenMP rPois rF++ Int-2 Stlth+}
   (You found it in the Dungeon)

   [amulet of magic regeneration]

   It increases your magic regeneration.
   It affects your intelligence (-2).
   It greatly protects you from fire.
   It protects you from poison.
   It makes you more stealthy.
 D - a +5 amulet of reflection (around neck)
 H - the ring "Sacraxtu" (right hand) {-Tele MR+ Str+8 SInv}
   (You found it in the Dungeon)

   [ring of protection from magic]

   It affects your strength (+8).
   It affects your resistance to hostile enchantments.
   It lets you see invisible.
   It prevents most forms of teleportation.
 I - the ring "Qaivegui" (left hand) {Wiz rPois}
   (You found it in the Dungeon)

   [ring of wizardry]

   It improves your spell success rate.
   It protects you from poison.
 K - an uncursed ring of positive energy
 N - the ring "Mazxemn" {MR+ Int+2 SInv}
   (You found it in the Dungeon)

   [ring of see invisible]

   It affects your intelligence (+2).
   It affects your resistance to hostile enchantments.
   It lets you see invisible.
Wands
 q - a wand of disintegration (4)
 t - a wand of iceblast (5)
 u - a wand of acid (7)
Scrolls
 f - 4 scrolls of amnesia
 h - 7 scrolls of fog
 i - 4 scrolls of blinking
 j - 2 scrolls of holy word
 k - 5 scrolls of identify
 l - 5 scrolls of remove curse
 m - 2 scrolls of fear
 F - 8 scrolls of enchant weapon
 G - a scroll of brand weapon
 R - 4 scrolls of enchant armour
Potions
 d - 10 potions of curing
 e - 5 potions of heal wounds
 g - a potion of magic
 n - 2 potions of brilliance
 o - 2 potions of invisibility
 p - 4 potions of resistance
 r - 5 potions of agility
 s - 5 potions of might
Books
 L - a manual of Invocations
Miscellaneous
 v - 12 boxes of beasts
 w - 10 phantom mirrors
 x - a lamp of fire
 y - a phial of floods
 A - a phial of floods
 E - a lamp of fire
Comestibles
 c - 8 rations


   Skills:
 O Level 27 Fighting
 - Level 12.1 Polearms
 - Level 17.0 Armour
 - Level 16.0 Dodging
 - Level 1.5 Stealth
 - Level 15.0 Shields
 O Level 27 Spellcasting
 - Level 13.7 Summonings
 + Level 24.4 Translocations
 - Level 8.0 Air Magic
 - Level 8.4 Invocations
 - Level 10.0 Evocations


You had 57 spell levels left.
You knew the following spells:

 Your Spells              Type           Power        Failure   Level  Hunger
a - Lesser Beckoning      Tloc           ########..   0%          3    None
b - Summon Lightning Spi  Summ/Air       #######.     1%          4    None
c - Controlled Blink      Tloc           N/A          1%          8    ###....

Your spell library contained the following spells:

 Spells                   Type           Power        Failure   Level  Hunger
 Summon Butterflies       Summ           #######.     0%          1    None
 Summon Small Mammal      Summ           ####         0%          1    None
 Blink                    Tloc           N/A          0%          2    None
 Gell's Gravitas          Tloc           ########..   0%          3    None
 Recall                   Summ/Tloc      N/A          0%          3    None
 Teleport Other           Tloc           ########     0%          3    None
 Beastly Appendage        Tmut           #####.       1%          1    None
 Confusing Touch          Hex            #####.       1%          1    None
 Flame Tongue             Conj/Fire      #####        1%          1    None
 Freeze                   Ice            ####         1%          1    None
 Infusion                 Chrm           ####         1%          1    None
 Magic Dart               Conj           ####         1%          1    None
 Sandblast                Erth           #####.       1%          1    None
 Shock                    Conj/Air       ####         1%          1    None
 Sting                    Conj/Pois      ####         1%          1    None
 Call Imp                 Summ           #######.     1%          2    None
 Poisonous Vapours        Pois/Air       ######       1%          2    None
 Shroud of Golubria       Chrm/Tloc      #######...   1%          2    None
 Swiftness                Chrm/Air       ######..     1%          2    None
 Call Canine Familiar     Summ           #######.     1%          3    None
 Mephitic Cloud           Conj/Pois/Air  ######..     1%          3    None
 Portal Projectile        Hex/Tloc       ######       1%          3    None
 Static Discharge         Conj/Air       ######..     1%          3    None
 Summon Guardian Golem    Hex/Summ       ######..     1%          3    None
 Airstrike                Air            ######....   1%          4    None
 Force Lance              Conj/Tloc      #######.     1%          4    None
 Summon Ice Beast         Ice/Summ       ######..     1%          4    None
 Aura of Abjuration       Summ           #######...   1%          5    None
 Summon Demon             Summ           #######...   1%          5    None
 Summon Forest            Summ/Tloc      #######...   1%          5    None
 Shadow Creatures         Summ           N/A          1%          6    None
 Malign Gateway           Summ/Tloc      #######...   1%          7    None
 Corpse Rot               Necr           N/A          3%          2    None
 Ensorcelled Hibernation  Hex/Ice        #####.       3%          2    None
 Passwall                 Tmut/Erth      #####...     3%          2    None
 Searing Ray              Conj           #####.       3%          2    None
 Slow                     Hex            #####...     3%          2    None
 Song of Slaying          Chrm           #####...     3%          2    None
 Sublimation of Blood     Necr           #####.....   3%          2    None
 Throw Flame              Conj/Fire      #####.       3%          2    None
 Throw Frost              Conj/Ice       #####.       3%          2    None
 Summon Mana Viper        Hex/Summ       ######..     3%          5    None
 Confuse                  Hex            #####...     6%          3    None
 Conjure Flame            Conj/Fire      #####...     6%          3    None
 Dazzling Spray           Conj/Hex       #####.       6%          3    None
 Ignite Poison            Fire/Tmut/Pois #####...     6%          3    None
 Inner Flame              Hex/Fire       #####...     6%          3    None
 Ozocubu's Armour         Chrm/Ice       #####...     6%          3    None
 Regeneration             Chrm/Necr      #####.....   6%          3    None
 Spectral Weapon          Hex/Chrm       #####...     6%          3    None
 Spider Form              Tmut/Pois      #####.....   6%          3    None
 Stone Arrow              Conj/Erth      #####.       6%          3    None
 Monstrous Menagerie      Summ           #######...   6%          7    None
 Summon Greater Demon     Summ           #######...   6%          7    None
 Summon Hydra             Summ           #######...   6%          7    None
 Lightning Bolt           Conj/Air       ######....   11%         5    None
 Silence                  Hex/Air        ######....   11%         5    None
 Animate Dead             Necr           N/A          21%         4    None
 Cause Fear               Hex            #####.....   21%         4    None
 Fulminant Prism          Conj/Hex       #####.....   21%         4    None
 Ice Form                 Ice/Tmut       #####...     21%         4    None
 Iskenderun's Mystic Bla  Conj           #####...     21%         4    None
 Leda's Liquefaction      Hex/Erth       #####.....   21%         4    None
 Petrify                  Tmut/Erth      #####...     21%         4    None
 Sticky Flame             Conj/Fire      #####...     21%         4    None
 Throw Icicle             Conj/Ice       #####...     21%         4    None
 Summon Horrible Things   Summ           #######...   43%         8    ###....
 Agony                    Necr           #####...     45%         5    None
 Alistair's Intoxication  Tmut/Pois      #####...     45%         5    None
 Bolt of Draining         Conj/Necr      #####.....   45%         5    None
 Bolt of Magma            Conj/Fire/Erth #####.....   45%         5    None
 Borgnjor's Vile Clutch   Necr/Erth      #####.....   45%         5    None
 Dispel Undead            Necr           #####...     45%         5    None
 Excruciating Wounds      Chrm/Necr      #####.....   45%         5    None
 Fireball                 Conj/Fire      #####.....   45%         5    None
 Irradiate                Conj/Tmut      #####.....   45%         5    None
 Iskenderun's Battlesphe  Conj/Chrm      #####...     45%         5    None
 Lee's Rapid Deconstruct  Erth           #####.....   45%         5    None
 Metabolic Englaciation   Hex/Ice        #####.....   45%         5    None
 Venom Bolt               Conj/Pois      #####.....   45%         5    None
 Yara's Violent Unravell  Hex/Tmut       #####.....   45%         5    None
 Conjure Ball Lightning   Conj/Air       ######....   50%         6    None
 Deflect Missiles         Chrm/Air       ######....   50%         6    None
 Freezing Cloud           Conj/Ice/Air   ######....   67%         6    None
 Spellforged Servitor     Conj/Summ      ######....   67%         7    None
 Bolt of Cold             Conj/Ice       #####.....   95%         6    None
 Bolt of Fire             Conj/Fire      #####.....   95%         6    None
 Darkness                 Hex            #####.....   95%         6    None
 Death Channel            Necr           #####.....   95%         6    None
 Hydra Form               Tmut           #####.....   95%         6    None
 Iron Shot                Conj/Erth      #####.....   95%         6    None
 Ozocubu's Refrigeration  Ice            #####.....   95%         6    None
 Poison Arrow             Conj/Pois      #####.....   95%         6    None
 Simulacrum               Ice/Necr       #####.....   95%         6    None
 Statue Form              Tmut/Erth      #####....    95%         6    None
 Dragon's Call            Summ           #######...   99%         9    #####..
 Dragon Form              Tmut           #####.....   100%        7    None
 Orb of Destruction       Conj           #####.....   100%        7    None
 Ring of Flames           Chrm/Fire      #####.....   100%        7    None
 Chain Lightning          Conj/Air       ######....   100%        8    ###....
 Discord                  Hex            #####.....   100%        8    ###....
 Ignition                 Fire           #####.....   100%        8    ###....
 Lehudib's Crystal Spear  Conj/Erth      #####.....   100%        8    ###....
 Fire Storm               Conj/Fire      #####.....   100%        9    #####..
 Glaciate                 Conj/Ice       #####.....   100%        9    #####..
 Shatter                  Erth           #####.....   100%        9    #####..
 Tornado                  Air            ######....   100%        9    #####..
 Passage of Golubria      Tloc           Unusable     N/A         4    N/A

Dungeon Overview and Level Annotations

Branches:
Dungeon (1/1)

Altars:
Ashenzari
Cheibriados
Dithmenos
Elyvilon
Fedhas
Gozag
Hepliaklqana
Kikubaaqudgha
Makhleb
Nemelex Xobeh
Okawaru
Qazlal
Ru
Sif Muna
Trog
Uskayaw
Vehumet
Wu Jian
Xom
Yredelemnul
Zin
The Shining One
Beogh
Jiyva
Lugonu


Innate Abilities, Weirdness & Mutations

You reflexively headbutt those who attack you in melee.
You have a pair of horns on your head.


Message History

Things that are here:
a +0 quarterstaff; a +0 hunting sling; 26 sling bullets You see here a +3 scale mail of poison resistance.
You see here a rapier.
You see here a lamp of fire.
You see here a lightning rod (4/4).
There is a transporter here.
An exit appears before you!
You enter the transporter and appear at another place.
Found the Orb of Zot.
Found a staircase leading out of the dungeon.
You see here the Orb of Zot.
You pick up the Orb of Zot!
The Orb lets out a hideous shriek!
The lords of Pandemonium are not amused.
Beware!
Cheibriados tells them not to hurry.
Now all you have to do is get back out of the dungeon!
A sixfirhy comes into view.
There is a staircase leading out of the dungeon here.
You can't go down here!
You have escaped!

.)...).))...▓.............▓...8©8
).).)).)....▓..▓.......▓..▓..|)..
...)))......▓.............▓..|}))
...)|)......▓.............▓....))
....))).....▓......©......▓..)..)
....(.....).▓▓▓▓▓▓▓▓▓▓▓▓▓▓▓......
▓.....(.▓...▓8888888888888▓....).
▓▓.....▓▓▓..▓8...........8▓....).
▓.......▓...▓8..@....3©..8▓.▓....
............▓8...........8▓....©.
....©.......▓8888888888888▓▓▓▓▓▓▓
▓▓▓▓▓▓▓▓▓▓▓▓▓▓▓▓▓▓▓▓▓▓▓▓▓▓▓▓▓▓▓▓▓
.≈≈≈.8©8..≈....≈▓........8©8.....
≈)≈)[)≈≈}≈[))≈≈≈▓.)...))[[))|||))
)≈:[≈}}))≈≈≈|≈).▓.:[[:[}.[))..|)[
|≈|≈|≈≈)}≈≈|≈[≈.▓.}|).[.[[|):..).
≈.........≈≈≈...▓.....).[[[=..)..


You could see a sixfirhy.

Vanquished Creatures
  5 shard shrikes (D)
  2 Ice Fiends (D)
  A deep elf master archer (D)
  5 deep elf blademasters (D)
  A tentacled starspawn (D)
  7 krakens (D)
  3 thorn hunters (D)
  A nagaraja (D)
  6 deep elf sorcerers (D)
  4 draconian knights (D)
  4 frost giants (D)
  3 ghost moths (D)
  4 draconian shifters (D)
  6 spriggan defenders (D)
  4 draconian annihilators (D)
  3 draconian scorchers (D)
  3 reapers (D)
  2 stone giants (D)
  2 entropy weavers (D)
  2 apis (D)
  6 purple draconians (D)
  5 green draconians (D)
  5 white draconians (D)
  3 vampire knights (D)
  4 dire elephants (D)
  A deep elf annihilator (D)
  5 red draconians (D)
  7 yellow draconians (D)
  10 black draconians (D)
  A deep elf death mage (D)
  5 blizzard demons (D)
  6 merfolk javelineers (D)
  3 mummy priests (D)
  A great orb of eyes (D)
  4 merfolk impalers (D)
  2 deep elf high priests (D)
  A naga warrior (D)
  11 ice dragons (D)
  2 vault guards (D)
  2 shambling mangroves (D)
  15 spriggan air magi (D)
  11 merfolk aquamancers (D)
  9 two-headed ogres (D)
  4 dancing weapons (D)
  2 merfolk avatars (D)
  A death scarab (D)
  A satyr (D)
  A vampire mage (D)
  18 spriggan berserkers (D)
  2 deep elf knights (D)
  A sea snake (D)
  4 skeletal warriors (D)
  2 spriggan druids (D)
  A deep elf archer (D)
  A necromancer (D)
  4 harpies (D)
  An orb spider (D)
  9 wolf spiders (D)
  4 ugly things (D)
  An oklob plant (D)
  6 deep elf magi (D)
  3 moths of wrath (D)
  A faun (D)
  5 manticores (D)
  2 cyclopes (D)
  3 merfolk sirens (D)
  3 guardian serpents (D)
  4 naga magi (D)
  3 black mambas (D)
  A water nymph (D)
  A rust devil (D)
  A guardian serpent (shapeshifter) (D)
  2 smoke demons (D)
  An eye of devastation (D)
  3 rime drakes (D)
  A hellion (D)
  2 rime drakes (shapeshifter) (D)
  A spiny frog (shapeshifter) (D)
  6 dryads (D)
  9 demonic crawlers (D)
  10 freezing wraiths (D)
  7 guardian mummies (D)
  4 yaktaurs (D)
  3 tormentors (D)
  9 ice devils (D)
  2 jumping spiders (D)
  A large abomination (D)
  A red devil (D)
  3 wind drakes (D)
  3 merfolk (D)
  A polar bear (D)
  3 trolls (D)
  A slime creature (D)
  A raiju (D)
  12 hornets (D)
  6 redbacks (D)
  A vampire (D)
  A water elemental (D)
  2 air elementals (D)
  3 flying skulls (D)
  4 shadows (D)
  4 ushabtiu (D)
  8 tarantellas (D)
  A fire elemental (D)
  A golden eye (D)
  A yak (D)
  A neqoxec (D)
  6 nagas (D)
  3 water moccasins (D)
  2 floating eyes (D)
  A hell hound (D)
  4 ice beasts (D)
  4 necrophages (D)
  An eye of draining (D)
  3 ogres (D)
  2 phantoms (D)
  A black bear (D)
  3 centaurs (D)
  2 earth elementals (D)
  A small abomination (D)
  7 wights (D)
  2 crimson imps (D)
  A quasit (D)
  5 jellies (D)
  2 iron imps (D)
  15 mummies (D)
  An adder (D)
  3 shadow imps (D)
  6 white imps (D)
  An ufetubus (D)
  3 oozes (D)
  3 adder skeletons (D)
  5 adder zombies (D)
  6 bat skeletons (D)
  5 bat zombies (D)
  A ball python (D)
  A ball python skeleton (D)
  A bat simulacrum (D)
  3 giant cockroach zombies (D)
  A leopard gecko skeleton (D)
  2 leopard gecko zombies (D)
  3 butterflies (D)
  2 tentacles (D)
508 creatures vanquished.

Vanquished Creatures (collateral kills)
  An Ice Fiend (D)
  A deep elf master archer (D)
  A reaper (D)
  2 white draconians (D)
  A shambling mangrove (D)
  A spriggan air mage (D)
  A deep elf mage (D)
  An ice beast (D)
  2 mummies (D)
  3 white imps (D)
  A giant cockroach simulacrum (D)
15 creatures vanquished.

Vanquished Creatures (others)
  A deep elf master archer (D)
  A draconian monk (D)
  A stone giant (D)
  A deep elf annihilator (D)
  2 merfolk javelineers (D)
  A spriggan air mage (D)
  An ice dragon (D)
  A deep elf archer (D)
  A cyclops (D)
  A polar bear (D)
  3 mummies (D)
  2 starspawn tentacles (D)
  38 tentacles (D)
54 creatures vanquished.

Grand Total: 577 creatures vanquished

Notes
Turn   | Place    | Note
-------+----------+-------------------------------------------
     0 | D        | Found the +6 Majin-Bo {vamp, Archmagi MP+6 Int+6}
     0 | D        | Found the +7 great mace "Firestarter" {inner flame, rF++}
     0 | D        | wilfster70 the Minotaur Monk began the quest for the Orb.
     0 | D        | Reached XP level 1. HP: 19/19 MP: 0/0
     4 | D        | Found a blossoming altar of Fedhas.
     5 | D        | Found an opulent altar of Gozag.
     5 | D        | Found a hazy altar of Hepliaklqana.
     5 | D        | Found a viscous altar of Jiyva.
     5 | D        | Found a transporter.
     6 | D        | Became a worshipper of Cheibriados the Contemplative
     6 | D        | Reached * piety under Cheibriados
     6 | D        | Reached ** piety under Cheibriados
     8 | D        | Found an ancient bone altar of Kikubaaqudgha.
    12 | D        | Found a corrupted altar of Lugonu.
    14 | D        | Found a burning altar of Makhleb.
    15 | D        | Found a sacrificial altar of Ru.
    15 | D        | Found a deep blue altar of Sif Muna.
    15 | D        | Found a stormy altar of Qazlal.
    15 | D        | Found a bloodstained altar of Trog.
    15 | D        | Found an iron altar of Okawaru.
    15 | D        | Found a sparkling altar of Nemelex Xobeh.
    20 | D        | Reached skill level 5 in Fighting
    20 | D        | Reached skill level 5 in Polearms
    20 | D        | Reached XP level 2. HP: 29/29 MP: 0/3
    34 | D        | Found the +9 heavy crossbow "Sniper" {velocity, Acc+∞ SInv}
    34 | D        | Found the +10 dark maul {crush}
    34 | D        | Found the +15 Maxwell's patent armour {-Cast -Tele rElec
                  | MR+ rCorr}
    34 | D        | Found the +18 shield of the Gong {rElec rN+ MR+ EV-5}
    34 | D        | Found the cursed +14 obsidian axe {chop, +Fly SInv *Curse}
    35 | D        | Found the +6 shillelagh "Devastator" {shatter}
    35 | D        | Found the +11 plutonium sword {*Contam Stlth-}
    35 | D        | Found the +8 lance "Wyrmbane" {slay drac, rPois rF+ rC+
                  | AC+3}
    35 | D        | Found the +9 sword of Zonguldrok {reap}
    35 | D        | Found the cursed +13 scythe of Curses {drain, *Curse}
    35 | D        | Found the +0 sword of Power
    35 | D        | Found the +7 mace of Variability {chain chaos}
    35 | D        | Found the +7 Singing Sword {slice, sonic wave}
    35 | D        | Found the +7 longbow "Piercer" {penet, EV-2}
    94 | D        | Entered arena 2.
    94 | D        | Noticed a crimson imp
    94 | D        | Found a transporter.
    99 | D        | Killed a crimson imp
    99 | D        | Reached skill level 5 in Dodging
    99 | D        | Reached XP level 3. HP: 34/37 MP: 4/4
   125 | D        | Entered arena 3.
   125 | D        | Found a transporter.
   131 | D        | Reached *** piety under Cheibriados
   131 | D        | Reached XP level 4. HP: 44/44 MP: 5/5
   132 | D        | Reached skill level 5 in Armour
   132 | D        | Reached skill level 5 in Shields
   155 | D        | Entered arena 4.
   155 | D        | Noticed a necrophage
   155 | D        | Noticed a phantom
   155 | D        | Noticed a necrophage
   155 | D        | Found a transporter.
   160 | D        | Reached XP level 5. HP: 51/51 MP: 6/6
   164 | D        | Killed a phantom
   164 | D        | Reached **** piety under Cheibriados
   167 | D        | Killed a necrophage
   167 | D        | Reached skill level 5 in Invocations
   167 | D        | Reached XP level 6. HP: 61/61 MP: 6/9
   196 | D        | Entered arena 5.
   196 | D        | Noticed a floating eye
   196 | D        | Found a transporter.
   198 | D        | Paralysed by a floating eye for 3 turns
   202 | D        | Killed a floating eye
   202 | D        | Reached XP level 7. HP: 69/69 MP: 10/10
   207 | D        | Reached ***** piety under Cheibriados
   242 | D        | Entered arena 6.
   242 | D        | Noticed a yaktaur
   242 | D        | Noticed a yaktaur
   242 | D        | Found a transporter.
   247 | D        | Killed a yaktaur
   249 | D        | Killed a yaktaur
   249 | D        | Reached XP level 8. HP: 49/78 MP: 11/13
   252 | D        | Reached ****** piety under Cheibriados
   372 | D        | Entered arena 7.
   372 | D        | Noticed an ice dragon
   372 | D        | Noticed a great orb of eyes
   372 | D        | Noticed a vault guard
   372 | D        | Noticed a yaktaur
   372 | D        | Noticed a yaktaur
   372 | D        | Noticed a vault guard
   373 | D        | Found the +3 pair of gauntlets of War {Slay+5}
   374 | D        | Killed a yaktaur
   374 | D        | Reached skill level 10 in Fighting
   375 | D        | Found a transporter.
   386 | D        | Killed a great orb of eyes
   386 | D        | Reached skill level 10 in Polearms
   386 | D        | Reached skill level 10 in Armour
   386 | D        | Reached XP level 9. HP: 84/86 MP: 4/14
   392 | D        | Killed an ice dragon
   392 | D        | Reached skill level 10 in Dodging
   392 | D        | Reached skill level 10 in Shields
   392 | D        | Reached skill level 5 in Evocations
   395 | D        | Killed a yaktaur
   396 | D        | Killed a vault guard
   396 | D        | Reached XP level 10. HP: 85/97 MP: 5/15
   402 | D        | Killed a vault guard
   422 | D        | Got the Papyrus of Vitriolic Battle Magic
   433 | D        | Entered arena 8.
   433 | D        | Noticed a mummy priest
   434 | D        | Found the +8 demon trident "Rift" {distort, reach+}
   435 | D        | Noticed a flayed ghost
   436 | D        | Found a transporter.
   451 | D        | Noticed a rust devil
   453 | D        | Noticed a phantasmal warrior
   453 | D        | Noticed a phantasmal warrior
   460 | D        | Killed a mummy priest
   460 | D        | Noticed a soul eater
   635 | D        | Entered arena 9.
   635 | D        | Noticed an eye of devastation
   637 | D        | Found a transporter.
   644 | D        | Killed an eye of devastation
   746 | D        | Entered arena 10.
   746 | D        | Noticed a naga mage
   751 | D        | Found a transporter.
   751 | D        | Killed a naga mage
   781 | D        | Got the Incunabulum of Translocation
   786 | D        | Learned a level 3 spell: Lesser Beckoning
   838 | D        | Entered arena 11.
   838 | D        | Noticed a brown ugly thing
   838 | D        | Noticed a cyan ugly thing
   838 | D        | Noticed a spiny frog
   838 | D        | Noticed a red ugly thing
   838 | D        | Noticed a guardian serpent
   838 | D        | Noticed a white ugly thing
   839 | D        | Found the +3 Elemental Staff {rElec rF++ rC++ MR++ AC+5}
   840 | D        | Killed a guardian serpent
   840 | D        | Reached XP level 11. HP: 107/107 MP: 11/17
   840 | D        | Reached skill level 10 in Evocations
   841 | D        | Killed a red ugly thing
   841 | D        | Killed a brown ugly thing
   841 | D        | Killed a purple ugly thing
   842 | D        | Found a transporter.
   845 | D        | Killed a cyan ugly thing
   852 | D        | Got the amulet "Axtu" {Spirit Str+3 Int+6}
   931 | D        | Entered arena 12.
   931 | D        | Identified the +5 mace of the Goat {venom, *Rage rN++ MR++
                  | Stlth+}
   931 | D        | Noticed a vampire mage
   933 | D        | Noticed a necromancer
   937 | D        | Killed a vampire mage
   940 | D        | Found a transporter.
   941 | D        | Killed a necromancer
   941 | D        | Reached skill level 15 in Fighting
   942 | D        | Reached skill level 15 in Shields
   952 | D        | Got the ring of the Cockroach {rF+ Int+2 Dex+5 Slay-4 SInv}
   960 | D        | Entered arena 13.
   960 | D        | Noticed a deep elf mage
   960 | D        | Noticed a deep elf high priest
   960 | D        | Noticed a deep elf sorcerer
   960 | D        | Noticed a deep elf master archer
   960 | D        | Noticed a deep elf annihilator
   960 | D        | Noticed a deep elf mage
   960 | D        | Noticed a deep elf knight
   961 | D        | Noticed a deep elf blademaster
   962 | D        | Identified the +2 short sword of Eternal War {flame, rF+}
   963 | D        | Killed a deep elf knight
   963 | D        | Reached skill level 1 in Translocations
   964 | D        | Noticed a deep elf annihilator
   964 | D        | Killed a deep elf mage
   964 | D        | Reached skill level 1 in Spellcasting
   964 | D        | Killed a deep elf blademaster
   964 | D        | Killed a deep elf high priest
   964 | D        | Killed a deep elf master archer
   964 | D        | Reached XP level 12. HP: 82/125 MP: 18/18
   964 | D        | Killed a deep elf annihilator
   965 | D        | Reached skill level 15 in Armour
   965 | D        | Killed a deep elf sorcerer
   966 | D        | Reached skill level 5 in Translocations
   971 | D        | Found a transporter.
   972 | D        | Killed a deep elf annihilator
  1180 | D        | Got the amulet of Dauhe {Faith rF+ rC+}
  1182 | D        | Got Nukunesy's Compendium of the Secret Nights
  1190 | D        | Got the ring of Rasoack {-Tele rC+ rN++ Stlth-}
  1198 | D        | Entered arena 14.
  1199 | D        | Noticed a spriggan defender
  1199 | D        | Identified the +8 dagger of the Wasteland {holy, +Inv
                  | Dex+2}
  1199 | D        | Noticed a spriggan air mage
  1201 | D        | Killed a spriggan defender
  1201 | D        | Reached skill level 5 in Spellcasting
  1201 | D        | Reached skill level 15 in Dodging
  1201 | D        | Killed a spriggan air mage
  1204 | D        | Found a transporter.
  1288 | D        | Entered arena 15.
  1290 | D        | Noticed a tentacled starspawn
  1292 | D        | Reached XP level 13. HP: 121/137 MP: 10/21
  1293 | D        | Found a transporter.
  1295 | D        | Killed a tentacled starspawn
  1315 | D        | Learned a level 4 spell: Summon Lightning Spire
  1367 | D        | Entered arena 16.
  1368 | D        | Noticed a vampire knight
  1369 | D        | Noticed a vampire knight
  1369 | D        | Noticed a vampire knight
  1372 | D        | Reached skill level 1 in Summonings
  1372 | D        | Killed a vampire knight
  1373 | D        | Found a transporter.
  1378 | D        | Killed a vampire knight
  1386 | D        | Killed a vampire knight
  1457 | D        | Entered arena 17.
  1460 | D        | Noticed a nagaraja
  1467 | D        | Killed a nagaraja
  1467 | D        | Reached skill level 5 in Summonings
  1478 | D        | Found a transporter.
  1487 | D        | Got Kaonn's Almanac of Self-Improvement and Battle Magic
  1489 | D        | Got the ring "Mazxemn" {MR+ Int+2 SInv}
  1501 | D        | Got the amulet of the Ancients {RegenMP rPois rF++ Int-2
                  | Stlth+}
  1558 | D        | Entered arena 18.
  1561 | D        | Noticed a reaper
  1561 | D        | Noticed a reaper
  1561 | D        | Noticed a reaper
  1565 | D        | Reached skill level 1 in Air Magic
  1567 | D        | Killed a reaper
  1568 | D        | Killed a reaper
  1572 | D        | Killed a reaper
  1575 | D        | Found a transporter.
  1588 | D        | Got the Grimoire of the Blaze and Poisoning
  1597 | D        | Got Sif Muna's Advanced Spellweaving
  1599 | D        | Got the Handbook of Hurtful Contamination
  1928 | D        | Entered arena 19.
  1932 | D        | Found the +2 cloak of the Thief {+Fog Slay-2 SInv Stlth+}
  1933 | D        | Reached XP level 14. HP: 151/151 MP: 20/26
  1933 | D        | Reached skill level 5 in Air Magic
  1935 | D        | Found the +2 pair of boots of the Assassin {Detection Stab+
                  | Stlth++}
  1935 | D        | Found a transporter.
  1959 | D        | Got the Handbook of Toxins and Flight
  1964 | D        | Got the amulet "Hilegeus" {Regen+ Str+3}
  1987 | D        | Got the Grimoire of Shifting Earth
  1998 | D        | Entered arena 20.
  2003 | D        | Noticed a stone giant
  2003 | D        | Noticed a frost giant
  2003 | D        | Noticed a stone giant
  2003 | D        | Noticed a stone giant
  2006 | D        | Reached skill level 10 in Spellcasting
  2006 | D        | Killed a stone giant
  2007 | D        | Killed a stone giant
  2009 | D        | Killed a stone giant
  2010 | D        | Killed a frost giant
  2011 | D        | Found a transporter.
  2020 | D        | Got the Handbook of Helpful Lightness
  2039 | D        | Got the amulet of Bereong {Gourm Int+2}
  2058 | D        | Got Ohegop's Collected Works on Conjuration
  2092 | D        | Entered arena 21.
  2096 | D        | Noticed a ghost moth
  2098 | D        | Reached skill level 10 in Summonings
  2098 | D        | Noticed a ghost moth
  2099 | D        | Noticed an entropy weaver
  2099 | D        | Noticed an entropy weaver
  2099 | D        | Noticed a ghost moth
  2104 | D        | Killed a ghost moth
  2109 | D        | Killed an entropy weaver
  2113 | D        | Killed an entropy weaver
  2117 | D        | Killed a ghost moth
  2123 | D        | Killed a ghost moth
  2262 | D        | Found a transporter.
  2326 | D        | Entered arena 22.
  2331 | D        | Noticed a deep elf sorcerer
  2331 | D        | Noticed a deep elf blademaster
  2331 | D        | Noticed a deep elf sorcerer
  2331 | D        | Noticed a deep elf sorcerer
  2331 | D        | Noticed a deep elf blademaster
  2331 | D        | Noticed a deep elf sorcerer
  2331 | D        | Noticed a deep elf blademaster
  2332 | D        | Noticed a deep elf blademaster
  2333 | D        | Reached XP level 15. HP: 170/170 MP: 20/30
  2333 | D        | Killed a deep elf sorcerer
  2333 | D        | Killed a deep elf sorcerer
  2334 | D        | Killed a deep elf blademaster
  2334 | D        | Killed a deep elf blademaster
  2334 | D        | Reached skill level 27 in Fighting
  2334 | D        | Killed a deep elf blademaster
  2334 | D        | Noticed a deep elf master archer
  2334 | D        | Killed a deep elf sorcerer
  2335 | D        | Noticed a deep elf sorcerer
  2335 | D        | Killed a deep elf sorcerer
  2335 | D        | Killed a deep elf blademaster
  2335 | D        | Noticed a deep elf master archer
  2336 | D        | Identified the +7 trident of Untimely Demise {vamp, Int+4
                  | Dex+5}
  2338 | D        | Killed a deep elf master archer
  2339 | D        | Killed a ghostly deep elf sorcerer
  2344 | D        | Killed a deep elf sorcerer
  2345 | D        | Killed a deep elf master archer
  2359 | D        | Found a transporter.
  2470 | D        | Got the ring of Mes Ise {+Fly rElec Str+3 Stlth+}
  2480 | D        | Got the Disquisition on Displaced Battle Magic
  2507 | D        | Entered arena 23.
  2515 | D        | Identified the +1 ring mail of Ifanosterae {rF- rC+ rN+
                  | Regen+}
  2541 | D        | Found the +7 great mace "Undeadhunter" {disrupt, rN+}
  2543 | D        | Found a transporter.
  2987 | D        | Got the Catalogue of Ignition and Good Luck
  3005 | D        | Entered arena 24.
  3013 | D        | Noticed a shard shrike
  3013 | D        | Noticed a shard shrike
  3013 | D        | Noticed an Ice Fiend
  3013 | D        | Noticed a shard shrike
  3013 | D        | Identified the +5 trident of World's End {flame, MR+}
  3014 | D        | Found the +1 cloak of Starlight {rElec rC+ EV+4 Stlth--}
  3014 | D        | Killed a shard shrike
  3014 | D        | Noticed a shard shrike
  3015 | D        | Killed a shard shrike
  3015 | D        | Killed a shard shrike
  3015 | D        | Reached XP level 16. HP: 161/183 MP: 23/33
  3015 | D        | Killed a shard shrike
  3015 | D        | Noticed a shard shrike
  3016 | D        | Noticed an Ice Fiend
  3021 | D        | Killed a shard shrike
  3021 | D        | Reached skill level 15 in Translocations
  3025 | D        | Killed an Ice Fiend
  3028 | D        | Killed an Ice Fiend
  3030 | D        | Found the +3 sling "Punk" {acid, rCorr}
  3425 | D        | Found a transporter.
  3448 | D        | Got the ring "Saig" {*Corrode rC+ Str+7 SInv}
  3452 | D        | Got Easy Sorcery
  3473 | D        | Got the ring of Wachio Gorop {*Corrode +Blink rC+ rN+
                  | Stlth+}
  3488 | D        | Got the Reference Book on Harmful Creation
  3492 | D        | Entered arena 25.
  3510 | D        | Found the amulet of the Air {Inacc +Fly rElec EV+5 RMsl}
  3510 | D        | Noticed an Ice Fiend
  3527 | D        | Killed an Ice Fiend
  3536 | D        | Found a transporter.
  3839 | D        | Got the ring "Sacraxtu" {-Tele MR+ Str+8 SInv}
  3855 | D        | Learned a level 8 spell: Controlled Blink
  3888 | D        | Got the ring of Apena {rElec rF+ MR- Int+6 Dex+3}
  3903 | D        | Got Yrookupp's Almanac of the Nexus
  3908 | D        | Got Laonkuec's Guide on Creation and Air
  3914 | D        | Entered arena 26.
  3924 | D        | Noticed a kraken
  3924 | D        | Noticed a kraken
  3924 | D        | Noticed a kraken
  3924 | D        | Noticed a kraken
  3924 | D        | Identified the cursed +1 battleaxe of Najelih {venom, rF+
                  | rN++ Int+4}
  3924 | D        | Identified the +5 quarterstaff of Diafilaw {drain, Str+2}
  3926 | D        | Reached skill level 15 in Spellcasting
  3927 | D        | Reached XP level 17. HP: 191/191 MP: 23/36
  3927 | D        | Identified the ring of Ankimew {rC+ Int+2}
  3928 | D        | Killed a kraken
  3928 | D        | Identified the ring "Mubrouba" {rC+++ rN+ Int-3 Dex+4
                  | Stlth+}
  3929 | D        | Killed a kraken
  3929 | D        | Killed a kraken
  3930 | D        | Killed a kraken
  3932 | D        | Identified the +1 leather armour "Miciuh" {rF+ MR+ Int+3
                  | Dex-3}
  3955 | D        | Noticed a kraken
  3955 | D        | Noticed a kraken
  3955 | D        | Noticed a kraken
  3963 | D        | Killed a kraken
  3966 | D        | Killed a kraken
  3971 | D        | Found a transporter.
  3976 | D        | Killed a kraken
  4059 | D        | Got the ring "Anorery" {*Slow +Fly rN+ Str+4 Stlth+}
  4066 | D        | Got the Disquisition on Orientation and Flight
  4068 | D        | Got Sif Muna's Volume of the Flying Entourage
  4073 | D        | Got the ring "Qaivegui" {Wiz rPois}
  4092 | D        | Got Ufamy's Almanac of Lightness and the Escort
  4113 | D        | Entered arena 27.
  4122 | D        | Identified the ring "Gefirusi" {rF+ MP+9}
  4122 | D        | Identified the cursed +2 dagger of Ragnarok {antimagic,
                  | rF+}
  4123 | D        | Identified the ring of Demons {*Drain Str+6 Stlth-}
  4125 | D        | Identified the +10 longbow of Hushreeg {velocity, MR++
                  | Str-2}
  4128 | D        | Identified the cursed +1 lajatang of Edweti Imeps {slice,
                  | +Blink MP+9 Dex-2}
  4132 | D        | Reached XP level 18. HP: 166/200 MP: 22/44
  4158 | D        | Found a transporter.
  4494 | D        | Got Qelowkoi's Guide on Clay and Changing
  4504 | D        | Got the ring "Pusafure" {rElec rPois Int+4 Dex-3}
  4515 | D        | Entered arena 28.
  4526 | D        | Identified the cursed +2 long sword "Elijo" {drain, -Tele
                  | rElec rPois}
  4526 | D        | Identified the +2 robe of Hepliaklqana's Pride {Regen+
                  | Dex+8 Stlth-}
  4526 | D        | Identified the ring of Maang {rC+ MR+ Slay+3}
  4527 | D        | Reached skill level 27 in Spellcasting
  4531 | D        | Identified the +7 spear of Pestilence {flame, rPois rC+++
                  | Str-2 SInv}
  4539 | D        | Reached XP level 19. HP: 71/207 MP: 18/49
  4856 | D        | Found a transporter.
  4930 | D        | Got the Orb of Zot
  4935 | D        | Escaped with the Orb!

Skill      XL: |  1  2  3  4  5  6  7  8  9 10 11 12 13 14 15 16 17 18 19 |
---------------+----------------------------------------------------------+-----
Fighting       | 5 6 7 8 9 10 11 13 17 19 21 25 27 | 27.0
Polearms       | 5 6 7 8 9 10 11 12 | 12.1
Armour         | 3 4 5 6 7 8 10 11 12 14 16 17 | 17.0
Dodging        | 4 5 6 7 8 9 10 11 14 15 16 | 16.0
Shields        | 3 4 5 6 7 8 9 10 12 15 | 15.0
Invocations    | 2 3 5 6 8 |  8.4
Evocations     | 4 7 9 10 | 10.0
Translocations | 4 6 7 12 20 23 24 | 24.4
Spellcasting   | 3 6 9 12 14 16 23 27 | 27.0
Summonings     | 7 10 13 | 13.7
Air Magic      | 4 8 |  8.0
Stealth        | |  1.5

Action                   |  1- 3 |  4- 6 |  7- 9 | 10-12 | 13-15 | 16-18 | 19-21 || total
-------------------------+-------+-------+-------+-------+-------+-------+-------++-------
Melee: Lance             |     9 |    16 |    35 |    56 |    91 |    77 |    17 ||   301
       Headbutt          |     4 |     6 |    14 |    23 |    31 |    26 |     7 ||   111
 Cast: Summon Lightning  |       |       |       |       |     3 |     4 |     2 ||     9
Invok: Slouch            |       |       |     2 |    21 |    32 |    42 |       ||    97
       Temporal Distorti |       |       |       |       |       |     1 |       ||     1
Evoke: Wand              |       |       |       |       |     2 |       |     3 ||     5
  Use: Potion            |     1 |       |       |     3 |     4 |     4 |       ||    12
       Scroll            |       |       |       |     4 |       |       |       ||     4
 Stab: Distracted        |       |       |       |       |     1 |     2 |       ||     3
  Eat: Chunk             |       |       |       |     2 |     2 |     5 |     2 ||    11
       Ration            |       |       |       |       |     2 |       |       ||     2
Armor: Gold dragon scale |     2 |     6 |     6 |    27 |    73 |    63 |     4 ||   181
Dodge: Dodged            |       |     1 |     5 |    14 |    46 |    83 |     2 ||   151
Block: Shield            |    11 |    24 |    61 |   103 |   205 |   194 |    23 ||   621
       Reflection        |       |       |     8 |     7 |    19 |     7 |     6 ||    47
